 Dungeon Crawl Stone Soup version 0.17-a0-1210-g1e4f09d (webtiles) character file.

161 patman2 the Ruffian (level 5, -1/50 HPs)
             Began as a Troll Monk on June 4, 2015.
             Slain by an ogre
             ... wielding a cursed -1 giant club
              (31 damage)
             ... on level 5 of the Dungeon.
             The game lasted 00:02:59 (538 turns).

patman2 the Ruffian (Troll Monk)                     Turns: 538, Time: 00:03:00

Health: -1/50      AC:  5    Str: 19    XL:     5   Next: 18%
Magic:  4/4        EV: 10    Int:  6    God:
Gold:   35         SH:  0    Dex: 13    Spells: 0 memorised, 4 levels left

rFire  . . .     SeeInvis .       - Unarmed
rCold  . . .     Clarity  .     a - +0 robe
rNeg   . . .     SustAt   .     (no shield)
rPois  .         Gourm    +     (helmet restricted)
rElec  .         Spirit   .     (no cloak)
rCorr  .         Warding  .     (gloves unavailable)
rMut   .         Stasis   .     (boots unavailable)
MR     .....                    (no amulet)
Stlth  +.........               (no ring)
                                (no ring)

@: not resistant to hostile enchantments, very unstealthy
A: unfitting armour, claws 3, fast metabolism 3, gourmand, regeneration 2,
shaggy fur 1, tough skin 2
a: no special abilities


You were on level 5 of the Dungeon.
You were completely stuffed.

You visited 1 branch of the dungeon, and saw 5 of its levels.

You collected 35 gold pieces.

Inventory:

Missiles
 m - 3 stones (quivered)
Armour
 a - a +0 robe (worn)
 c - a +0 large shield
Scrolls
 d - 2 scrolls of enchant armour {unknown}
 e - a scroll of teleportation {unknown}
 f - 3 scrolls of identify {unknown}
 k - 2 scrolls of enchant weapon {unknown}
 l - a scroll of immolation {unknown}
Potions
 g - a potion of heal wounds {unknown}
 h - a potion of flight {unknown}
Comestibles
 b - 3 bread rations
 i - 8 chunks of flesh
 j - 3 meat rations


   Skills:
 - Level 2.4 Fighting
 - Level 2.4 Dodging
 - Level 1.1 Stealth
 + Level 6.5 Unarmed Combat


You had 4 spell levels left.
You didn't know any spells.

Dungeon Overview and Level Annotations

Branches:
Dungeon (5/15)
 Temple: D:4-7

Altars:


Innate Abilities, Weirdness & Mutations

You are too large for most types of armour.
You have claws for hands.
Your metabolism is lightning-fast.
You like to eat raw meat.
You heal very quickly.
You are covered in fur (AC +1).
You have very tough skin (AC +2).


Message History

The kobold misses you.
You barely miss the kobold. You barely miss the kobold. You claw the kobold.
You kill the kobold!
No target in view!
m - 2 stones (gained 1)
You see here a kobold corpse.
m - 3 stones (gained 1)
An ogre comes into view. It is wielding a giant club.
Found a hunting sling and a twisted marble ring.
The ogre hits you with a giant club!!
You barely miss the ogre. The ogre barely misses you.
You scratch the ogre.
The ogre begins to bleed from its wounds!
The ogre is lightly wounded.
You scratch the ogre. You claw the ogre.
The ogre is heavily wounded.
The ogre hits you with a giant club!!
Ouch! That really hurt!
You die...

#.....#.##.†.......
#..........###....#
#...###.#### ###.#
#.......# .
##..##### #..# ####
###..##.....
#...........
#.##@#..... #^
#.O....). #
###...... ......
=../. .##.# . . ##


You could see an ogre (bleeding).

Vanquished Creatures
  A necrophage (D:4)
  A giant frog (D:4)
  An ooze (D:3)
  A giant gecko (D:3)
  2 hobgoblins (D:3)
  2 kobolds
  2 bats
  2 goblins
  2 jackals (D:1)
  5 rats
19 creatures vanquished.

Notes
Turn   | Place    | Note
--------------------------------------------------------------
     0 | D:1      | patman2 the Troll Monk began the quest for the Orb.
     0 | D:1      | Reached XP level 1. HP: 22/22 MP: 0/0
   336 | D:2      | Reached XP level 2. HP: 29/29 MP: 1/1
   437 | D:4      | Noticed a giant frog
   446 | D:4      | Killed a giant frog
   446 | D:4      | Reached skill level 5 in Unarmed Combat
   446 | D:4      | Reached XP level 3. HP: 22/36 MP: 2/2
   446 | D:4      | Reached XP level 4. HP: 26/44 MP: 3/3
   471 | D:4      | Noticed a necrophage
   478 | D:4      | Killed a necrophage
   478 | D:4      | Reached skill level 6 in Unarmed Combat
   478 | D:4      | Reached XP level 5. HP: 47/50 MP: 4/4
   493 | D:5      | Entered Level 5 of the Dungeon
   532 | D:5      | Noticed an ogre
   538 | D:5      | Slain by an ogre

Vault maps used:
D:1:      dpeg_arrival_circle_labyrinth_a, grunt_decor_fettered, st_stairs_3,
          hangedman_decor_push
D:2:      kennysheep_big_flooded_room, kennysheep_nondescript,
          kennysheep_generic_room_3, uniq_jessica, uniq_natasha
D:3:      first_bread, hangedman_abyss_or_decor_stabs, uniq_crazy_yiuf_cottage
D:5:      minmay_temple_entry_grid, trog_wizard

Action                   |  1- 3 |  4- 6 || total
-------------------------+-------+-------++-------
Melee: Unarmed           |    37 |    11 ||    48
 Stab: Sleeping          |     1 |       ||     1
  Eat: Chunk             |     9 |     1 ||    10
